 Dungeon Crawl Stone Soup version 0.28-a0-245-g639a1a48b9 (webtiles) character file.

Game seed: 6133581646575800509

310 PentaManta the Ducker (level 6, -3/32 HPs)
             Began as a Spriggan Berserker on Aug 25, 2021.
             Was a Believer of Trog.
             Slain by Eustachio (5 damage)
             ... on level 3 of the Dungeon.
             The game lasted 00:06:47 (4535 turns).

PentaManta the Ducker (Spriggan Berserker)          Turns: 4535, Time: 00:06:48

Health: -3/32      AC:  2    Str: 13    XL:     6   Next: 17%
Magic:  7/7        EV: 21    Int:  8    God:    Trog [**....]
Gold:   49         SH:  0    Dex: 17    Spells: 5/5 levels left

rFire   . . .      SeeInvis +   o - +0 rapier
rCold   . . .      Faith    .   (shield restricted)
rNeg    . . .      Spirit   .   b - +0 animal skin
rPois   .          Reflect  .   (helmet restricted)
rElec   .          Harm     .   (no cloak)
rCorr   .          Rampage  .   (gloves unavailable)
Will    +....                   (boots unavailable)
Stlth   ++........              (no amulet)
HPRegen 0.10/turn               (no ring)
MPRegen 0.10/turn               (no ring)

@: on berserk cooldown, slowed, quick
A: very small, no large weapons, unfitting armour, see invisible, speed 3
a: Renounce Religion, Berserk, Trog's Hand


You were on level 3 of the Dungeon.
You worshipped Trog.
Trog was pleased with you.
You visited 1 branch of the dungeon, and saw 4 of its levels.

You collected 139 gold pieces.
You spent 90 gold pieces at shops.

Inventory:

Hand Weapons
 a - a +0 falchion
 o - a +0 rapier (weapon)
Missiles
 l - 40 poisoned darts (quivered)
Armour
 b - a +0 animal skin (worn)
Wands
 p - a wand of iceblast (7)
 r - a wand of flame (12)
Scrolls
 c - a scroll of identify {unknown}
 d - a scroll of immolation {unknown}
 k - 2 scrolls of noise {unknown}
 q - a scroll of blinking {unknown}
Potions
 e - a potion of cancellation {unknown}
 f - a potion of haste {unknown}
 g - 2 potions of lignification {unknown}
 h - a potion of berserk rage {unknown}
 i - a potion of flight {unknown}
 j - 3 potions of curing
 m - a potion of attraction {unknown}
 n - a potion of ambrosia {unknown}


   Skills:
 - Level 2.4 Fighting
 * Level 4.5 Long Blades
 + Level 6.8 Dodging


You had 5 spell levels left.
You didn't know any spells.
Your spell library was empty.

Dungeon Overview and Level Annotations

Branches:
Dungeon (4/15)
 Temple: D:4-7

Altars:
Gozag
Nemelex Xobeh
Sif Muna
Zin

Annotations:
D:3 Eustachio
D:4 3 runed translucent doors, Zigma's ghost, amateur DrMo


Innate Abilities, Weirdness & Mutations

You are very small and have problems with some larger weapons.
You are too small for most types of armour.
You have supernaturally acute eyesight. (SInv)
You cover ground extremely quickly. (Speed+++)


Message History

Eustachio is heavily wounded.
The ufetubus closely misses you. The ufetubus misses you.
Eustachio closely misses you.
You closely miss Eustachio.
Eustachio is heavily wounded.
The howler monkey misses you. The ufetubus barely misses you.
The ufetubus misses you. The goblin misses you.
A goblin comes into view. It is wielding a +0 club.
Eustachio completely misses you.
You closely miss Eustachio.
Eustachio is heavily wounded.
The ufetubus misses you. The ufetubus hits you. The howler monkey hits you.
* * * LOW HITPOINT WARNING * * *
The goblin misses you.
You puncture the howler monkey!
The howler monkey is severely wounded.
The ufetubus completely misses you. The ufetubus hits you.
* * * LOW HITPOINT WARNING * * *
The howler monkey hits you!
* * * LOW HITPOINT WARNING * * *
Eustachio closely misses you.
The goblin unwields a +0 club.
The goblin wields a +0 hunting sling.
The goblin shoots a stone.
The stone completely misses you. The goblin completely misses you.
You puncture the howler monkey!
You kill the howler monkey!
Trog accepts your kill.
The ufetubus closely misses you. x2; Eustachio closely misses you.
The goblin shoots a stone.
The stone misses you. The ufetubus misses you.
The ufetubus completely misses you. The goblin closely misses you.
You climb upwards.
The ufetubus disappears in a puff of smoke!
You feel a strong urge to attack something.
There is a stone staircase leading down here.
You feel your anger nearly subside.
You are no longer berserk.
You are exhausted.
You feel yourself slow down.
There is an escape hatch in the ceiling here.
Eustachio hits you with a +0 rapier.
You die...

#.........### #.##
######. #.##........#
#..####### #.
#.###...###.# ##.......#
#. ###.####.## #.#
#..####.# #. .....# ###
#.# #..# #)# #. ....##
#.# #..# #.# #. ###..#
####.####..# ##.## #.
#⌠##.#
#.......#..###...# ##.
#_#..#
#......@#......#.#####..
....##
#......@#>g)...#.......#
.....#
#.......g......#....##.#
.∩...#
#.......#...#######.##.#
....##
#.......#......#....##.#
....#
#.......#......#<##.##.#
....#
####.##.....#..#.##.##.#
.####
#.##.................
.#########
#.##...###........)..


You could see Eustachio and a goblin.

Vanquished Creatures
  A necrophage (D:2)
  A howler monkey (D:4)
  A centaur skeleton (D:4)
  An iguana (D:2)
  A gnoll (D:1)
  5 adders
  3 worms
  2 dart slugs (D:2)
  An orc (D:3)
  5 bats
  6 endoplasms
  4 giant cockroaches
  6 goblins
  3 hobgoblins (D:2)
  6 kobolds
  2 quokkas (D:2)
  10 ball pythons
  4 frilled lizards
  4 rats
66 creatures vanquished.

Notes
Turn   | Place    | Note
-------+----------+-------------------------------------------
     0 | D:1      | PentaManta the Spriggan Berserker began the quest for the
                  | Orb.
     0 | D:1      | Reached XP level 1. HP: 11/11 MP: 2/2
   631 | D:1      | Reached XP level 2. HP: 16/16 MP: 3/3
  1541 | D:1      | You fall into a shaft and drop 1 floor!
  1541 | D:2      | Noticed a necrophage
  1555 | D:2      | Killed a necrophage
  1556 | D:2      | Reached skill level 5 in Dodging
  1556 | D:2      | Reached XP level 3. HP: 19/19 MP: 4/4
  1556 | D:2      | Reached XP level 4. HP: 23/23 MP: 5/5
  1895 | D:2      | Reached skill level 6 in Dodging
  1970 | D:2      | Reached ** piety under Trog
  1987 | D:2      | Reached XP level 5. HP: 12/27 MP: 6/6
  2248 | D:2      | Found a glowing silver altar of Zin.
  2972 | D:3      | Found a shimmering blue altar of Sif Muna.
  3133 | D:3      | Found a faded altar of an unknown god.
  3385 | D:3      | Found a sparkling altar of Nemelex Xobeh.
  3454 | D:3      | Found Zin's Purification Station.
  3456 | D:3      | Found a glowing silver altar of Zin.
  3463 | D:3      | Bought a potion of curing for 90 gold pieces
  4324 | D:4      | Found a runed translucent gate.
  4324 | D:4      | Found a runed translucent gate.
  4325 | D:4      | Found a runed translucent gate.
  4326 | D:4      | Found an opulent altar of Gozag.
  4328 | D:4      | Noticed Zigma's ghost (amateur DrMo)
  4341 | D:4      | Noticed Eustachio
  4377 | D:4      | Reached XP level 6. HP: 27/32 MP: 7/7
  4535 | D:3      | Slain by Eustachio

Illustrated notes

Levels and vault maps discovered:
D:1:      dpeg_arrival_connections, layout_loops_ring, serial_glass,
          glass_columns_a, glass_columns_a, minmay_pentomino_z2
D:2:      layout_rooms, basic_altar, serial_park_tiny_1
D:3:      layout_loops_ring, mainiacjoe_overflow_surrounded_room, zin_purify,
          lemuel_doored_altar, dreamdust_ecumenical_altar_statues,
          lemuel_old_faithful
D:4:      layout_rooms, ebering_ghost_gozag, serial_glass, glass_columns_c,
          glass_columns_a, kennysheep_generic_room_6, uniq_eustachio

Skill      XL: |  1  2  3  4  5 |
---------------+----------------+-----
Long Blades    | 3 4 |  4.5
Dodging        | 5 6 |  6.8
Fighting       | |  2.4

Action                   |  1- 3 |  4- 6 || total
-------------------------+-------+-------++-------
Melee: Dagger            |    15 |       ||    15
       Falchion          |    10 |       ||    10
       Short sword       |    34 |   113 ||   147
       Rapier            |       |    90 ||    90
Throw: Dart              |       |     1 ||     1
Invok: Berserk           |     3 |     7 ||    10
 Stab: Sleeping          |     2 |     3 ||     5
Armor: Animal skin       |     4 |    16 ||    20
Dodge: Dodged            |    36 |   201 ||   237

Table legend: (Time is in decaauts)
 A = Elapsed time spent in this place.
 B = Non-inter-level travel time spent in this place.
 C = Inter-level travel time spent in this place.
 D = Time resting spent in this place.
 E = Time spent auto-exploring this place.
 F = Levels seen in this place.
 G = Mean time per level.
                   A        B        C        D        E       F      G
               +--------+--------+--------+--------+--------+-----+--------+
         Total |   3923 |   3859 |     64 |   1704 |   1625 |   4 |  980.8 |
       Dungeon |   3923 |   3859 |     64 |   1704 |   1625 |   4 |  980.8 |
               +--------+--------+--------+--------+--------+-----+--------+

Top non-repeatable levels by time:
     D:1: 1348 daAuts
     D:2: 1125 daAuts
     D:3: 907 daAuts
     D:4: 542 daAuts
